 Dungeon Crawl Stone Soup version 0.28-a0-1382-g92835e5c71 (webtiles) character file.

Game seed: 13556751796066044920

58 gruber the Magician (level 4, 0/27 HPs)
             Began as an Octopode Hedge Wizard on Jan 2, 2022.
             Slain by Natasha (9 damage)
             ... on level 3 of the Dungeon.
             The game lasted 00:03:13 (2818 turns).

gruber the Magician (Octopode Hedge Wizard)         Turns: 2818, Time: 00:03:14

Health: 0/27       AC:  0    Str:  9    XL:     4   Next: 2%
Magic:  9/10       EV: 14    Int: 18    God:
Gold:   37         SH:  0    Dex: 11    Spells: 3/11 levels left

rFire   . . .      SeeInvis .   (weapon currently unavailable)
rCold   . . .      Faith    .   (shield currently unavailable)
rNeg    . . .      Spirit   .   (helmet currently unavailable)
rPois   .          Reflect  .   (no amulet)
rElec   .          Harm     .   (ring currently unavailable)
rCorr   .          Rampage  .   (ring currently unavailable)
Will    .....                   (ring currently unavailable)
Stlth   ++........              (ring currently unavailable)
HPRegen 0.09/turn               (ring currently unavailable)
MPRegen 0.12/turn               (ring currently unavailable)
                                (ring currently unavailable)
                                (ring currently unavailable)

@: pig-form, very quick
A: fast, no casting, almost no armour, (amphibious), (8 rings), small,
(camouflage 1), (gelatinous body 1), (nimble swimmer 1), (tentacles)
a: no special abilities


You were on level 3 of the Dungeon.
You were a filthy swine.
You visited 1 branch of the dungeon, and saw 3 of its levels.

You collected 37 gold pieces.

Inventory:

Hand Weapons
 h - a +0 short sword (melded)
Missiles
 g - 11 poisoned darts
Armour
 b - a +0 hat (melded)
Magical Staves
 i - a staff of poison
Scrolls
 a - a scroll of silence {unknown}
 c - 4 scrolls of identify {unknown}
 f - 2 scrolls of vulnerability {unknown}
Potions
 d - 2 potions of flight {unknown}
 e - a potion of brilliance {unknown}


   Skills:
 - Level 2.0 Dodging
 * Level 2.7 Stealth
 - Level 4.1 Spellcasting
 - Level 1.0 Conjurations
 - Level 1.0 Summonings
 - Level 1.0 Translocations
 - Level 2.0 Poison Magic


You had 3 spell levels left.
You knew the following spells:

 Your Spells              Type           Power      Damage    Failure   Level
a - Magic Dart            Conj           28%        1d4       10%         1
b - Blink                 Tloc           14%        N/A       14%         2
c - Call Imp              Summ           7%         N/A       14%         2
d - Mephitic Cloud        Conj/Pois/Air  7%         N/A       28%         3

Your spell library contained the following spells:

 Spells                   Type           Power      Damage    Failure   Level
 Slow                     Hex            12%        N/A       14%         1
 Conjure Flame            Conj/Fire      5%         6-21      34%         3
 Fulminant Prism          Conj/Hex       2%         3d6       75%         4
 Fire Storm               Conj/Fire      2%         8d1       100%        9


Dungeon Overview and Level Annotations

Branches:
Dungeon (3/15)

Altars:
Ru

Annotations:
D:3 Natasha, Terence


Innate Abilities, Weirdness & Mutations

You are a filthy swine.
You move quickly.
Your equipment is almost entirely melded.
You are incapable of wielding weapons or throwing items.
You cannot cast spells.
You cannot wear most types of armour.
((You are amphibious.))
((You can wear up to eight rings at the same time.))
((Your skin changes colour to match your surroundings (Stealth+).))
((Your rubbery body absorbs attacks. (AC +1, EV +1)))
((You are camouflaged when in or above water. (Stealth+)))
((You have tentacles for arms and can constrict up to eight enemies at once.))


Message History

The magic dart hits the kobold.
You kill the kobold!
You can't see any susceptible monsters within range! (Use Z to cast anyway.)
You can't see any susceptible monsters within range! (Use Z to cast anyway.)
Your magical contamination has completely faded away.
Things that are here:
a +0 dagger; a kobold corpse
Found a stone staircase leading up.
There is a stone staircase leading up here.
Natasha, Servant of Life and Death comes into view.
She is carrying a wand of polymorph (7).
Found a golden potion.
Natasha is nearby!
The magic dart hits Natasha but does no damage.
Natasha hisses angrily.
The magic dart hits Natasha.
Natasha is lightly wounded.
Natasha zaps a wand.
You turn into a filthy swine.
Your +0 short sword melds into your body.
Your +0 hat melds into your body.
Unknown command.
Natasha closely misses you.
You see here a lumpy orange potion.
You hit Natasha.
Natasha is lightly wounded.
Natasha zaps a wand.
You hit Natasha but do no damage.
Natasha is lightly wounded.
Natasha stares at you and mumbles some strange words.
The magic dart hits you!
You barely miss Natasha.
Natasha is lightly wounded.
Natasha casts a spell at you. You resist with some effort.
You closely miss Natasha.
Natasha is lightly wounded.
Natasha claws you!
You barely miss Natasha.
Natasha is lightly wounded.
Natasha claws you!
You die...

#.#...##
#.##<##
#.#...##
#..###.##
#.# ##.#
#.# #.#
#. ##.#
#!###.##
#hh.##
#....##
#.....
#......
##.#.###
#.#..
#.### #.


You could see Natasha.

Vanquished Creatures
  2 adders (D:2)
  An adder skeleton (D:2)
  8 bats
  3 giant cockroaches
  6 goblins
  2 hobgoblins
  3 kobolds
  2 ball pythons (D:2)
  5 frilled lizards
  6 rats
38 creatures vanquished.

Notes
Turn   | Place    | Note
-------+----------+-------------------------------------------
     0 | D:1      | gruber the Octopode Hedge Wizard began the quest for the
                  | Orb.
     0 | D:1      | Reached XP level 1. HP: 11/11 MP: 4/4
    15 | D:1      | Got the Handbook of Confrontation
   408 | D:1      | Reached XP level 2. HP: 17/17 MP: 4/6
   877 | D:1      | Found a faded altar of an unknown god.
  1387 | D:2      | Reached skill level 4 in Spellcasting
  1387 | D:2      | Reached XP level 3. HP: 7/21 MP: 0/8
  1722 | D:2      | Learned a level 2 spell: Blink
  1725 | D:2      | Learned a level 2 spell: Call Imp
  1729 | D:2      | Learned a level 3 spell: Mephitic Cloud
  1848 | D:2      | Found a sacrificial altar of Ru.
  2152 | D:2      | Reached skill level 1 in Poison Magic
  2328 | D:2      | You fall into a shaft and drop 1 floor!
  2358 | D:3      | Noticed Terence
  2708 | D:3      | Reached XP level 4. HP: 27/27 MP: 7/10
  2810 | D:3      | Noticed Natasha
  2818 | D:3      | Slain by Natasha

Illustrated notes

Levels and vault maps discovered:
D:1:      onia_arrival_pentagram, layout_basic, shapermc_ecumenical_altar_petra
D:2:      layout_basic, basic_altar, nicolae_underground_beach
D:3:      kennysheep_the_goblin_king, layout_loops_ring, gammafunk_ghost_icy,
          grunt_ministairs_15, uniq_natasha, uniq_terence, uniq_ijyb

Skill      XL: |  1  2  3 |
---------------+----------+-----
Spellcasting   | 4 |  4.1
Poison Magic   | 2 |  2.0
Dodging        | |  2.0
Stealth        | |  2.7
Conjurations   | |  1.0
Summonings     | |  1.0
Translocations | |  1.0

Action                   |  1- 3 |  4- 6 || total
-------------------------+-------+-------++-------
Melee: Short sword       |    28 |       ||    28
       Constrict         |    15 |       ||    15
       Staff             |    13 |       ||    13
       Dagger            |     3 |       ||     3
       Tentacles         |     2 |       ||     2
       Unarmed           |       |     5 ||     5
 Cast: Magic Dart        |    51 |     4 ||    55
       Mephitic Cloud    |     1 |       ||     1
 Stab: Sleeping          |     4 |       ||     4
Armor: Skin              |    10 |       ||    10
Dodge: Dodged            |    48 |     1 ||    49

Table legend: (Time is in decaauts)
 A = Elapsed time spent in this place.
 B = Non-inter-level travel time spent in this place.
 C = Inter-level travel time spent in this place.
 D = Time resting spent in this place.
 E = Time spent auto-exploring this place.
 F = Levels seen in this place.
 G = Mean time per level.
                   A        B        C        D        E       F      G
               +--------+--------+--------+--------+--------+-----+--------+
         Total |   2821 |   2673 |    148 |      0 |   2375 |   3 |  940.3 |
       Dungeon |   2821 |   2673 |    148 |      0 |   2375 |   3 |  940.3 |
               +--------+--------+--------+--------+--------+-----+--------+

Top non-repeatable levels by time:
     D:2: 1412 daAuts
     D:1: 1233 daAuts
     D:3: 175 daAuts
